 Dungeon Crawl Stone Soup version 0.31-a0-983-g7b6862f502 (webtiles) character file.

Game seed: 1083332702804497559

79 lunkers the Insei (level 3, -5/27 HPs)
             Began as a Demigod Shapeshifter on Nov 2, 2023.
             Blown up by Pikel (13 damage)
             ... with a mindburst bolt
             ... on level 3 of the Dungeon.
             The game lasted 00:04:03 (1438 turns).

lunkers the Insei (Demigod Shapeshifter)            Turns: 1438, Time: 00:04:04

Health: -5/27      AC:  2    Str: 15    XL:     3   Next: 97%
Magic:  5/5        EV: 12    Int: 12    God:
Gold:   179        SH:  0    Dex: 17    Spells: 2/2 levels left

rFire   . .          .
                       - Unarmed
rCold   . . .        (no shield)
rNeg    . . .        a - +0 animal skin
rPois   .            (helmet currently unavailable)
rElec   .            (cloak currently unavailable)
rCorr   .            (gloves currently unavailable)
SInv    .            (boots currently unavailable)
Will    .....        (no amulet)
Stlth   ++           (no ring)
HPRegen 0.24/turn    (no ring)
MPRegen 0.09/turn

%: no passive effects
@: beast-form
A: beast (slay +1), high MP 1, forlorn, divine attributes
a: Begin Untransformation


You were on level 3 of the Dungeon.
You were a hulking beast.
You visited 1 branch of the dungeon, and saw 4 of its levels.

You collected 179 gold pieces.

Inventory:

Armour
 a - a +0 animal skin (worn)
Talismans
 c - a beast talisman
 d - a flux talisman
Scrolls
 e - 3 scrolls of teleportation {unknown}
 h - a scroll of fog {unknown}
 i - a scroll of enchant armour {unknown}
Potions
 f - 3 potions of curing
 j - a potion of brilliance {unknown}


   Skills:
 - Level 0.8 Fighting
 - Level 1.7 Dodging
 * Level 4.0 Unarmed Combat
 + Level 3.3 Shapeshifting


You had 2 spell levels left.
You didn't know any spells.
Your spell library contained the following spells:

 Spells                   Type           Power      Damage    Failure   Level
 Magic Dart               Conj           0%         1d3       32%         1
 Necrotise                Necr           0%         1d4       32%         1
 Searing Ray              Conj           0%         2d4       45%         2
 Vampiric Draining        Necr           0%         2d6       69%         3
 Fulminant Prism          Conj/Hex       0%         3d5       97%         4
 Agony                    Necr           0%         N/A       100%        5


Dungeon Overview and Level Annotations

Branches:
Dungeon (4/15)
 Temple: D:4-7

Shops:
D:3 *

Annotations:
D:3 2 transporters, Pikel; meiscool's ghost, weakling GrFi


Innate Abilities, Weirdness & Mutations

You are a hulking beast.
Your limbs bulge with bestial killing power. (Slay +1)
You have an increased reservoir of magic. (+10% MP)
You shall have no god before yourself.
Your divine heritage dramatically boosts your attributes as you level up.


Message History

You kill the orc!
You barely miss the orc. The orc hits you but does no damage.
Unknown command.
You hit the orc.
The orc is almost dead.
Unknown command.
Unknown command.
Unknown command.
There is a stone staircase leading up here.
You hit the orc.
The orc is severely wounded.
The orc closely misses you.
You hit the orc.
You kill the orc!
Pikel zaps a wand.
You barely resist.
A lemure comes into view.
You hear a shout! x2
You see here a +0 flail.
You hear a shout!
You hear an angry buzzing noise.
You hear a shout!
The orc priest miscasts a cantrip.
You hear an angry buzzing noise.
There is a stone staircase leading up here.
Pikel says, "You'll make a fine lemure."
You climb upwards.
Level annotation: 2 transporters, meiscool's ghost, weakling GrFi
There is a stone staircase leading down here.
Okay, then.
Okay, then.
Okay, then.
As you read the scroll labelled TYNIMO HOUGAEPT, it crumbles to dust.
You hear a loud clanging noise!
It was a scroll of noise.
Pikel zaps a wand.
Your mind is blasted!
Ouch! That really hurt!
* * * LOW HITPOINT WARNING * * *
As you read the scroll labelled CUIXO GONGEMO, it crumbles to dust.
It is a scroll of identify.
f - 3 potions of curing Pikel zaps a wand.
Your mind is blasted!
You die...
Pikel says, "See you in Hell!"

#.####.........########..
#########.# .................##..
......†...# ##.#####.......#####.
########### #.# #.#.##........
........... #.# #.#.##..######
....##########.#####.#.##........
.....................#.##.#######
###..........#.#######..#†# #
....########.#.Kh.#####.#.# #
.........# #.#....<.......# ####
###.####.###.#########..### ##...
#.....#.................... .....
#^###....###.######...#..#. ...#.
#...#.#.## #.# ##...# ...#.
###.#.#.####.# ##†..###.# ..##.
....#........####....#.#.. #..
........####.#..(...##.##.## ##..


You could see Pikel.

Vanquished Creatures
  An adder (D:3)
  2 dart slugs (D:1)
  2 orcs (D:4)
  6 ball pythons
  4 endoplasms
  2 giant cockroaches
  8 goblins
  10 hobgoblins
  5 jackals (D:3)
  2 kobolds
  4 bats
  3 frilled lizards
  5 rats
54 creatures vanquished.

Notes
Turn   | Place    | Note
-------+----------+-------------------------------------------
     0 | D:1      | lunkers the Demigod Shapeshifter began the quest for the
                  | Orb.
     0 | D:1      | Reached XP level 1. HP: 15/15 MP: 3/3
    58 | D:1      | Reached skill level 3 in Unarmed Combat
    63 | D:1      | Reached XP level 2. HP: 14/22 MP: 4/4
   439 | D:2      | Reached XP level 3. HP: 18/27 MP: 5/5
  1053 | D:3      | Found a transporter.
  1053 | D:3      | Noticed meiscool's ghost (weakling GrFi)
  1073 | D:3      | Found Takadgh's Assorted Antiques.
  1265 | D:3      | Found a transporter.
  1316 | D:3      | Reached skill level 4 in Unarmed Combat
  1421 | D:4      | Noticed a lemure
  1421 | D:4      | Noticed Pikel
  1421 | D:4      | Noticed an ice beast
  1433 | D:4      | Noticed a lemure
  1438 | D:3      | Blown up by Pikel

Illustrated notes

Levels and vault maps discovered:
D:1:      tarquinn_simple_flora_water_e, layout_rooms,
          nicolae_houndstooth_variations
D:2:      layout_loops_corners
D:3:      layout_basic, serial_shops, shop, gammafunk_ghost_mausoleum,
          minmay_unequal
D:4:      layout_rooms, lightli_ossuary_entry_decrepit_ruins,
          biasface_ghost_orc_armoury, minmay_manual_moon, uniq_pikel,
          uniq_edmund, uniq_menkaure, uniq_sigmund

Skill      XL: |  1  2  3 |
---------------+----------+-----
Unarmed Combat | 3 4 |  4.0
Shapeshifting  | 3 |  3.3
Fighting       | |  0.8
Dodging        | |  1.7

Action                     || total
---------------------------++-------
  Melee: Unarmed           ||   134
         Punch             ||     3
    Use: Scroll            ||     2
         Potion            ||     1
   Stab: Sleeping          ||     1
 Armour: Animal skin       ||    59
         Skin              ||     3
  Dodge: Dodged            ||    88

Table legend: (Time is in decaauts)
 A = Elapsed time spent in this place.
 B = Non-inter-level travel time spent in this place.
 C = Inter-level travel time spent in this place.
 D = Time resting spent in this place.
 E = Time spent auto-exploring this place.
 F = Levels seen in this place.
 G = Mean time per level.
                   A        B        C        D        E       F      G
               +--------+--------+--------+--------+--------+-----+--------+
         Total |   1429 |   1429 |      0 |     23 |    992 |   4 |  357.2 |
       Dungeon |   1429 |   1429 |      0 |     23 |    992 |   4 |  357.2 |
               +--------+--------+--------+--------+--------+-----+--------+

Top non-repeatable levels by time:
     D:3: 521 daAuts
     D:2: 460 daAuts
     D:1: 424 daAuts
     D:4: 22 daAuts
